 Dungeon Crawl Stone Soup version 0.30-a0-51-g784eafce7f (webtiles) character file.

Game seed: 18067377031616346971

6731 frimble the Fighter (level 10, -4/85 HPs)
             Began as a Demonspawn Cinder Acolyte on Sept 6, 2022.
             Was a High Priest of Ignis.
             Slain by a two-headed ogre
             ... wielding a +0 giant club
              (14 damage)
             ... on level 10 of the Dungeon.
             The game lasted 00:09:56 (11897 turns).

frimble the Fighter (Demonspawn Cinder Acolyte)    Turns: 11897, Time: 00:09:57

Health: -4/85      AC: 20    Str: 16    XL:     10   Next: 75%
Magic:  14/14      EV: 10    Int: 17    God:    Ignis [*****.]
Gold:   911        SH:  0    Dex: 10    Spells: 13/15 levels left

rFire   + + .      SeeInvis .      - Unarmed
rCold   + . .      Faith    .    (no shield)
rNeg    . . .      Spirit   .    B - +0 acid dragon scales
rPois   .          Reflect  .    (no helmet)
rElec   .          Harm     .    q - +1 cloak
rCorr   +          Rampage  .    C - +1 pair of gloves
Will    .....                    n - +0 pair of boots
Stlth   +.........               (no amulet)
HPRegen 0.24/turn                s - ring of protection from fire
MPRegen 0.14/turn                A - ring of protection from cold

@: sanguine armoured
A: spiny 2, sanguine armour 2, weakness stinger 2
a: Renounce Religion, Fiery Armour, Foxfire Swarm, Rising Flame


You were on level 10 of the Dungeon.
You worshipped Ignis.
Ignis was extremely pleased with you.
You visited 1 branch of the dungeon, and saw 10 of its levels.

You collected 911 gold pieces.

Inventory:

Hand Weapons
 g - the +3 falchion of the Thing {vorpal, Fragile rPois Str+7 Stlth+}
   (You found it on level 6 of the Dungeon)

   It inflicts extra damage upon your enemies.
   Str:       It affects your strength (+7).
   rPois:     It protects you from poison.
   Fragile:   It will be destroyed if unequipped.
   Stlth:     It makes you more stealthy.
Missiles
 b - 2 curare-tipped darts
 y - 2 throwing nets
Armour
 n - a +0 pair of boots (worn)
 q - a +1 cloak (worn)
 B - +0 acid dragon scales (worn)
 C - a +1 pair of gloves (worn)
Jewellery
 s - a ring of protection from fire (left hand)
 A - a ring of protection from cold (right hand)
Wands
 t - a wand of mindburst (23)
 u - a wand of polymorph (12)
 x - a wand of flame (10)
Scrolls
 c - 2 scrolls of blinking
 m - 2 scrolls of butterflies
 v - 3 scrolls of enchant armour
Potions
 d - 2 potions of brilliance
 f - 3 potions of heal wounds
 h - 2 potions of magic
 i - a potion of lignification
 j - a potion of resistance
 k - a potion of berserk rage
 l - 5 potions of curing
 o - 5 potions of might {unknown}
 p - a potion of attraction {unknown}
 D - a potion of haste {unknown}


   Skills:
 + Level 10.0 Fighting
 + Level 6.0 Long Blades
 - Level 6.0 Unarmed Combat
 - Level 3.3 Spellcasting
 + Level 9.2 Fire Magic


You had 13 spell levels left.
You knew the following spells:

 Your Spells              Type           Power      Damage    Failure   Level
a - Scorch                Fire           68%        2d8       1%          2

Your spell library contained the following spells:

 Spells                   Type           Power      Damage    Failure   Level
 Sandblast                Erth           4%         2d4       24%         1
 Summon Small Mammal      Summ           8%         N/A       24%         1
 Passwall                 Tmut/Erth      1%         N/A       34%         2
 Sublimation of Blood     Necr           2%         N/A       34%         2
 Call Canine Familiar     Summ           2%         N/A       56%         3
 Stone Arrow              Conj/Erth      4%         3d7       56%         3
 Summon Guardian Golem    Hex/Summ       2%         N/A       56%         3
 Petrify                  Tmut/Erth      2%         N/A       93%         4
 Irradiate                Conj/Tmut      1%         3d12      100%        5


Dungeon Overview and Level Annotations

Branches:
Dungeon (10/15)            Temple (0/1) D:6
   Lair: D:8-11         Orc: D:9-12

Altars:
Makhleb
Trog
Wu Jian

Annotations:
D:5 3 runed translucent doors, hellse's ghost, novice DECj
D:8 diggie
D:10 Grum


Innate Abilities, Weirdness & Mutations

You are mostly covered in sharp spines.
When seriously injured, your blood forms thick armour. (AC +9)
You have a tail ending in a sharp stinger.


Message History

The gnoll sergeant barely misses you.
Aiming: Charm
Press: ? - help, Shift-Dir - straight line The vampire easily resists.
The vampire is struck by your spines. The vampire barely misses you. x2
The gnoll sergeant hits you from afar with a +2 vampiric spear.
Aiming: Charm
Press: ? - help, Shift-Dir - straight line The vampire easily resists.
The vampire hits you.
Your blood congeals into armour.
The vampire closely misses you.
The gnoll sergeant hits you from afar with a +2 vampiric spear.
Aiming: Charm
Press: ? - help, Shift-Dir - straight line, f - tengu conjurer
Aim: a tengu conjurer, wielding the +7 short sword "Impslayer" {vamp, Str+2 Dex+6}, wearing a +2 buckler and wearing a +6 ring of strength (chance to affect: 49%)
The vampire easily resists.
The now-empty wand crumbles to dust.
The vampire is struck by your spines. The vampire hits you.
The vampire misses you.
The gnoll sergeant hits you but does no damage.
The orc priest calls down the wrath of Beogh upon you.
Beogh smites you!
As you read the scroll of teleportation, it crumbles to dust.
You feel strangely unstable. The vampire is struck by your spines.
The vampire hits you but does no damage.
The vampire bites you but does no damage.
The gnoll sergeant hits you from afar with a +2 vampiric spear!
The orc priest mumbles some strange prayers to Beogh against you.
Beogh smites you!
* * * LOW HITPOINT WARNING * * *
The vampire points at you and mumbles some strange words.
You resist with some effort.
The orc priest invokes the aid of Beogh against you.
Beogh smites you!
* * * LOW HITPOINT WARNING * * *
Your surroundings suddenly seem different. 6 yaks and a two-headed ogre come into view.
Found a Young Poisoner's Handbook.
The yak bellows! x5
The two-headed ogre is struck by your spines.
The two-headed ogre hits you with a +0 giant club!
You die...

...# ...#
.... ...#
#####....
...#####
........#
g.......
.Y......#
.......#
#..YY...#
<......#
#..Y.Y..#
.......#
#..Y....#
.......#
#@......#
...D...#
#O......#
........
........#
........
.....:...#
#####'##
##+#####..#
.H .# # #.


You could see a two-headed ogre and 6 yaks.

Vanquished Creatures
  A two-headed ogre (D:9)
  Pikel (D:5)
  A manticore (D:10)
  2 unseen horrors (D:10)
  A komodo dragon (D:10)
  A wraith (D:9)
  A shadow (D:7)
  10 yaks
  Menkaure (D:5)
  Edmund (D:6)
  A water moccasin (D:5)
  2 acid dragons
  2 orc warriors
  3 black bears
  3 wolves (D:9)
  An ice beast (D:6)
  5 ogres
  2 lemures (D:5)
  A kobold brigand (D:8)
  A scorpion (D:4)
  A necrophage (D:6)
  2 bullfrogs (D:7)
  3 killer bees (D:4)
  3 howler monkeys (D:8)
  An orc priest (D:8)
  A gnoll bouda (D:7)
  A hound (D:5)
  A jelly (D:4)
  Ijyb (D:5)
  4 iguanas
  3 orc wizards
  6 gnolls
  3 adders
  A white imp (D:6)
  3 ufetubi
  2 dart slugs (D:2)
  19 orcs
  5 bats
  4 endoplasms
  6 giant cockroaches
  5 hobgoblins
  A jackal (D:2)
  7 quokkas
  8 ball pythons
  6 frilled lizards
  4 goblins
  14 kobolds
  7 rats
163 creatures vanquished.

Notes
Turn   | Place    | Note
-------+----------+-------------------------------------------
     0 | D:1      | frimble the Demonspawn Cinder Acolyte began the quest for
                  | the Orb.
     0 | D:1      | Reached XP level 1. HP: 18/18 MP: 2/2
   295 | D:1      | Gained mutation: When seriously injured, your blood forms
                  | armour. (AC +9) [demonic ancestry]
   295 | D:1      | Reached XP level 2. HP: 19/24 MP: 3/3
   545 | D:1      | Learned a level 2 spell: Scorch
   953 | D:1      | Found a faded altar of an unknown god.
  1495 | D:2      | Reached XP level 3. HP: 28/29 MP: 5/5
  2556 | D:2      | Gained mutation: You are partially covered in sharp spines.
                  | [demonic ancestry]
  2556 | D:2      | Reached XP level 4. HP: 32/35 MP: 6/6
  2907 | D:1      | Identified a scroll of acquirement
  2907 | D:1      | Acquired 366 gold pieces
  3181 | D:3      | Noticed an ogre
  3195 | D:3      | Killed an ogre
  3196 | D:3      | Reached XP level 5. HP: 24/42 MP: 5/8
  3759 | D:4      | Reached skill level 4 in Fighting
  3766 | D:4      | Gained mutation: You have a small tail. [demonic ancestry]
  3766 | D:4      | Reached XP level 6. HP: 29/48 MP: 3/10
  4382 | D:4      | You fall into a shaft and drop 3 floors!
  4556 | D:6      | Found a staircase to the Ecumenical Temple.
  4565 | D:5      | Entered Level 5 of the Dungeon
  4574 | D:5      | Gained mutation: When seriously injured, your blood forms
                  | thick armour. (AC +9) [demonic ancestry]
  4574 | D:5      | Reached XP level 7. HP: 40/55 MP: 2/11
  4795 | D:4      | Found a bloodstained altar of Trog.
  4804 | D:4      | Reached skill level 5 in Fighting
  5030 | D:4      | Reached skill level 5 in Fire Magic
  5444 | D:5      | Reached skill level 5 in Unarmed Combat
  5717 | D:5      | Noticed Menkaure
  5721 | D:5      | Killed Menkaure
  5722 | D:5      | Reached XP level 8. HP: 33/64 MP: 7/12
  5873 | D:5      | Found a runed translucent gate.
  5873 | D:5      | Found a runed translucent gate.
  5873 | D:5      | Found a runed translucent gate.
  5875 | D:5      | Noticed hellse's ghost (novice DECj)
  6050 | D:5      | Noticed Pikel
  6086 | D:5      | Killed Pikel
  6087 | D:5      | Reached skill level 6 in Fighting
  6319 | D:5      | Noticed Ijyb
  6324 | D:5      | Killed Ijyb
  6448 | D:5      | Found a burning altar of Makhleb.
  7139 | D:5      | Reached skill level 7 in Fighting
  7391 | D:6      | Identified the +3 falchion of the Thing {vorpal, Fragile
                  | rPois Str+7 Stlth+}
  7425 | D:6      | Noticed Edmund
  7432 | D:6      | Killed Edmund
  7462 | D:6      | Gained mutation: You are mostly covered in sharp spines.
                  | [demonic ancestry]
  7462 | D:6      | Reached XP level 9. HP: 72/72 MP: 2/13
  8059 | D:7      | Reached skill level 1 in Long Blades
  9052 | D:8      | Reached skill level 8 in Fighting
  9376 | D:8      | Found an ornate altar of the Wu Jian Council.
 10082 | D:9      | Noticed a two-headed ogre
 10100 | D:9      | Killed a two-headed ogre
 10571 | D:10     | Entered Level 10 of the Dungeon
 10582 | D:9      | Gained mutation: You have a tail ending in a sharp stinger.
                  | [demonic ancestry]
 10582 | D:9      | Reached XP level 10. HP: 52/82 MP: 3/14
 10586 | D:9      | Reached skill level 9 in Fighting
 10971 | D:10     | Noticed Grum
 10974 | D:10     | Reached skill level 5 in Long Blades
 11116 | D:10     | Noticed a six-headed hydra
 11119 | D:10     | Noticed a manticore
 11311 | D:10     | Killed a manticore
 11605 | D:10     | Reached skill level 10 in Fighting
 11886 | D:10     | Identified the +7 short sword "Impslayer" {vamp, Str+2
                  | Dex+6}
 11897 | D:10     | Noticed a two-headed ogre
 11897 | D:10     | Slain by a two-headed ogre

Illustrated notes

Levels and vault maps discovered:
D:1:      amcnicky_arrival_single_pillar, layout_basic,
          shapermc_ecumenical_altar_ellora
D:2:      minmay_alternating_diamond, layout_loops_ring, minmay_pentomino_pile
D:3:      layout_loops_ring, st_stairs_5, grunt_ministairs_12,
          hangedman_decor_riveting
D:4:      layout_basic, trog_ov_bears_minmay
D:5:      layout_loops_corners, makhleb_heckhound_becter,
          gammafunk_ghost_nasty_kobolds, minmay_misc_feat_columns,
          uniq_menkaure, uniq_ijyb, uniq_pikel
D:6:      layout_loops_ring, minmay_temple_entry_glassed_door,
          hangedman_abyss_or_decor_passed, uniq_edmund
D:7:      layout_basic, corexii_leaking_fountain, amcnicky_mini_pool_small
D:8:      layout_rooms, pdpol_wu_jian_five_deadly_venoms, minivault_21
D:9:      layout_rooms
D:10:     minmay_the_grid_4x2 [minmay_the_grid_spikes,
          minmay_the_grid_minigrid_small, minmay_the_grid_empty,
          minmay_the_grid_dragon_a, minmay_the_grid_diamond_grid,
          minmay_the_grid_outer_circle, minmay_the_grid_aliased_spiral,
          minmay_the_grid_prize_shrinking_boxes], layout_irregular_city,
          uniq_grum

Skill      XL: |  1  2  3  4  5  6  7  8  9 10 |
---------------+-------------------------------+-----
Unarmed Combat | 3 4 5 6 |  6.0
Fire Magic     | 3 4 5 6 8 9 |  9.2
Spellcasting   | 2 3 |  3.3
Fighting       | 4 5 7 8 10 | 10.0
Long Blades    | 4 6 |  6.0

Action                   |  1- 3 |  4- 6 |  7- 9 | 10-12 || total
-------------------------+-------+-------+-------+-------++-------
Melee: Unarmed           |   175 |    87 |   197 |    49 ||   508
       Punch             |     2 |     1 |    10 |     2 ||    15
       Tailslap          |       |     2 |    26 |     4 ||    32
 Cast: Scorch            |     7 |    12 |    55 |    24 ||    98
Invok: Fiery Armour      |       |       |       |     1 ||     1
Evoke: Wand              |       |       |     2 |    11 ||    13
  Use: Scroll            |     4 |     5 |     7 |     3 ||    19
       Potion            |       |     1 |       |       ||     1
Armor: Robe              |    48 |    24 |    58 |       ||   130
       Acid dragon scale |       |       |     6 |    37 ||    43
Dodge: Dodged            |   102 |    52 |   114 |    50 ||   318

Table legend: (Time is in decaauts)
 A = Elapsed time spent in this place.
 B = Non-inter-level travel time spent in this place.
 C = Inter-level travel time spent in this place.
 D = Time resting spent in this place.
 E = Time spent auto-exploring this place.
 F = Levels seen in this place.
 G = Mean time per level.
                   A        B        C        D        E       F      G
               +--------+--------+--------+--------+--------+-----+--------+
         Total |  11869 |  11351 |    518 |   1022 |   9034 |  10 | 1186.9 |
       Dungeon |  11869 |  11351 |    518 |   1022 |   9034 |  10 | 1186.9 |
               +--------+--------+--------+--------+--------+-----+--------+

Top non-repeatable levels by time:
     D:5: 1981 daAuts
     D:9: 1720 daAuts
     D:4: 1582 daAuts
     D:2: 1576 daAuts
     D:1: 1333 daAuts
     D:7: 938 daAuts
     D:6: 845 daAuts
     D:3: 759 daAuts
     D:8: 669 daAuts
    D:10: 463 daAuts
